 Dungeon Crawl Stone Soup version 0.25-a0-479-g8579842fd4 (webtiles) character file.

Game seed: 9921109256556180802, levelgen mode: deterministic

1335 Raskolnikov the Fighter (level 8, -4/57 HPs)
             Began as a Gargoyle Fighter on Feb 9, 2020.
             Slain by an unseen horror (8 damage)
             ... on level 5 of the Dungeon.
             The game lasted 00:08:22 (4856 turns).

Raskolnikov the Fighter (Gargoyle Fighter)          Turns: 4856, Time: 00:08:23

Health: -4/57      AC: 15    Str: 22    XL:     8   Next: 61%
Magic:  8/8        EV:  8    Int:  9    God:
Gold:   317        SH:  9    Dex:  9    Spells: 7/7 levels left

rFire    + . .     SeeInvis .   a - +0 morningstar
rCold    . . .     Gourm    .   c - +0 shield
rNeg     + . .     Faith    .   H - +2 ring mail {rF+}
rPois    ∞         Spirit   .   l - +2 hat
rElec    +         Reflect  .   (no cloak)
rCorr    +         Harm     .   (no gloves)
MR       +....                  (no boots)
Stlth    ..........             (no amulet)
HPRegen  0.19/turn              o - ring of protection from magic {MR+, !d}
MPRegen  0.11/turn              r - ring of resist corrosion

@: no status effects
A: negative energy resistance 1, electricity resistance, unbreathing,
petrification resistance, rot immunity, AC +5
a: no special abilities


You were on level 5 of the Dungeon.
You were very hungry.

You visited 1 branch of the dungeon, and saw 5 of its levels.
You also visited: Ossuary.

You collected 317 gold pieces.

Inventory:

Hand Weapons
 a - a +0 morningstar (weapon)
Missiles
 g - a throwing net {=f, !d}
Armour
 c - a +0 shield (worn)
 l - a +2 hat (worn)
 H - a +2 ring mail of fire resistance (worn)
Magical Staves
 F - an uncursed staff of air {unknown}
Jewellery
 b - an uncursed amulet of harm
 o - a ring of protection from magic (left hand) {MR+, !d}
 q - an uncursed ring of stealth {Stlth+}
 r - a ring of resist corrosion (right hand)
 u - an uncursed ring of protection from magic {MR+, !d}
Scrolls
 e - 7 scrolls of identify
 m - 3 scrolls of remove curse {unknown}
 n - 2 scrolls of enchant weapon {unknown}
 v - a scroll of magic mapping {unknown}
 w - 2 scrolls of blinking {unknown}
 x - 2 scrolls of enchant armour {unknown}
 y - a scroll of amnesia {unknown}
 B - 2 scrolls of fog {unknown}
 E - a scroll of random uselessness {unknown}
Potions
 h - 2 potions of curing {unknown}
 i - a potion of heal wounds {unknown}
 j - 2 potions of mutation {unknown}
 k - 2 potions of brilliance {unknown}
 p - a potion of flight {unknown}
 s - a potion of ambrosia {unknown}
 z - a potion of invisibility {unknown}
 A - a potion of berserk rage {unknown}
 G - a potion of cancellation {unknown}
Comestibles
 f - 9 rations


   Skills:
 + Level 9.7 Fighting
 + Level 6.2 Maces & Flails
 - Level 3.2 Armour
 - Level 3.2 Shields


You had 7 spell levels left.
You didn't know any spells.
Your spell library contained the following spells:

 Spells                   Type           Power        Failure   Level  Hunger
 Beastly Appendage        Tmut           #.....       96%         1    ##.....
 Sticks to Snakes         Tmut           #.......     99%         2    ###....
 Spider Form              Tmut/Pois      #.........   100%        3    ####...
 Ice Form                 Ice/Tmut       #.......     100%        4    #####..
 Blade Hands              Tmut           #.........   100%        5    ######.


Dungeon Overview and Level Annotations

Branches:
Dungeon (5/15)            Ossuary (visited)
 Temple: D:4-7

Altars:
Hepliaklqana
Uskayaw
Zin

Annotations:
D:3 2 runed translucent doors, zaran's ghost, weakling DgTm


Innate Abilities, Weirdness & Mutations

You are resistant to torment.
Your stone body is resilient. (AC +5)
You are immune to poison.
You resist negative energy. (rN+)
You are resistant to electric shocks. (rElec)
You can survive without breathing.
You are immune to petrification.
You are immune to rotting.


Message History

You block something's attack.
You see here an arrow.
Something hits you.
* * * LOW HITPOINT WARNING * * *
Something hits you but does no damage.
Things that are here:
10 arrows; a +2 shortbow of flaming Something hits you but does no damage. x2
Something hits you but does no damage. Something hits you.
* * * LOW HITPOINT WARNING * * *
Something hits you.
* * * LOW HITPOINT WARNING * * *
Something hits you but does no damage.
You feel a little less mighty now. Something hits you but does no damage.
Something hits you!
* * * LOW HITPOINT WARNING * * *
Something hits you!
You die...

# .+ ######.## #.......
#.....#...<...
#.....#.......
#.....#.......
#############.....#.......
......(.(.......@.#.......
#############.....#......
# #.....#..#.#
#........>.# ##<##.##.###
#.##....# ###.#...###
#......## #..####.#


There were no monsters in sight!

Vanquished Creatures
  A sky beast (D:5)
  An ogre (D:5)
  2 centaurs (D:5)
  2 elf zombies (Ossuary)
  A bullfrog (D:5)
  2 howler monkeys
  A crimson imp (D:5)
  A centaur zombie (D:5)
  A hound (D:5)
  3 human zombies (Ossuary)
  An orc priest (D:4)
  2 orc wizards
  Natasha (twice) (D:2)
  2 big kobold zombies (Ossuary)
  4 hound zombies
  3 mummies (Ossuary)
  A worker ant zombie (D:5)
  5 adders
  3 adder zombies (Ossuary)
  An ooze (D:4)
  An adder skeleton (D:5)
  3 worms
  3 dart slugs
  7 leopard geckos
  18 orcs
  6 bats
  13 giant cockroaches
  3 gnoll zombies (Ossuary)
  10 goblins
  12 hobgoblins
  10 jackals
  13 kobolds
  2 quokkas
  A ball python (D:3)
  8 frilled lizards
  3 goblin zombies (Ossuary)
  4 hobgoblin zombies (Ossuary)
  5 jackal zombies (Ossuary)
  3 kobold zombies (Ossuary)
  A leopard gecko zombie (D:5)
  2 quokka skeletons (D:4)
  2 quokka zombies (Ossuary)
  10 rats
  A rat zombie (Ossuary)
180 creatures vanquished.

Notes
Turn   | Place    | Note
-------+----------+-------------------------------------------
     0 | D:1      | Raskolnikov the Gargoyle Fighter began the quest for the
                  | Orb.
     0 | D:1      | Reached XP level 1. HP: 14/14 MP: 1/1
   114 | D:1      | Reached XP level 2. HP: 19/19 MP: 2/2
   598 | D:1      | Reached XP level 3. HP: 24/24 MP: 3/3
   612 | D:1      | Reached skill level 4 in Fighting
  1269 | D:2      | Noticed Natasha
  1277 | D:2      | Killed Natasha
  1277 | D:2      | Reached XP level 4. HP: 30/30 MP: 4/4
  1484 | D:2      | Noticed an angel
  1485 | D:2      | Found a glowing silver altar of Zin.
  1709 | D:2      | Found a hide-covered altar of Uskayaw.
  1764 | D:2      | Noticed Natasha
  1772 | D:2      | Killed Natasha
  1772 | D:2      | Reached skill level 5 in Fighting
  1772 | D:2      | Reached XP level 5. HP: 35/35 MP: 5/5
  1815 | D:3      | Found a large runed translucent door.
  1816 | D:3      | Found a large runed translucent door.
  1836 | D:3      | Noticed zaran's ghost (weakling DgTm)
  2150 | D:3      | Found a hazy altar of Hepliaklqana.
  2304 | D:3      | Found a faded altar of an unknown god.
  2451 | D:3      | Reached XP level 6. HP: 35/41 MP: 6/6
  2794 | D:4      | Reached skill level 6 in Fighting
  2814 | D:4      | Found a sand-covered staircase.
  2824 | Ossuary  | Entered an ossuary
  2918 | Ossuary  | Reached skill level 7 in Fighting
  2956 | Ossuary  | Reached XP level 7. HP: 39/48 MP: 7/7
  3087 | Ossuary  | Reached skill level 8 in Fighting
  3931 | D:5      | Entered Level 5 of the Dungeon
  4134 | D:5      | Reached skill level 9 in Fighting
  4134 | D:5      | Reached skill level 5 in Maces & Flails
  4134 | D:5      | Reached XP level 8. HP: 55/56 MP: 8/8
  4856 | D:5      | Slain by an unseen horror

Levels and vault maps discovered:
D:1:      wander_arrival_desolate, layout_basic
D:2:      layout_loops_cross, zin_angel, lemuel_coloured_pillars_altar,
          minmay_goblin_kobold_house, uniq_natasha
D:3:      layout_loops_ring, nicolae_overflow_hidden_temple,
          chequers_ecumenical_altar_lobes, ebering_ghost_disaster_area,
          first_ration
D:4:      kennysheep_spiral_hall, layout_basic, gup_sewer_entry_pipe,
          chequers_ossuary_entry_cave
D:5:      cheibrodos_helix_gallery, layout_rooms, kennysheep_mini,
          chequers_serial_rivers_room_a

Skill      XL: |  1  2  3  4  5  6  7  8 |
---------------+-------------------------+-----
Fighting       | 4 5 7 9 |  9.7
Maces & Flails | 3 4 5 6 |  6.2
Armour         | |  3.2
Shields        | |  3.2

Action                   |  1- 3 |  4- 6 |  7- 9 || total
-------------------------+-------+-------+-------++-------
Melee: Flail             |    37 |       |       ||    37
       Spear             |   113 |   212 |    68 ||   393
       War axe           |       |    92 |    73 ||   165
       Morningstar       |       |       |   128 ||   128
  Use: Scroll            |       |       |     1 ||     1
       Potion            |       |       |     1 ||     1
 Stab: Sleeping          |       |     3 |     1 ||     4
  Eat: Chunk             |     1 |     5 |     4 ||    10
       Ration            |       |       |     1 ||     1
Armor: Scale mail        |    81 |    41 |       ||   122
       Ring mail         |       |    84 |   214 ||   298
Dodge: Dodged            |    41 |    84 |   106 ||   231
Block: Shield            |    67 |   139 |   137 ||   343

Table legend:
 A = Non-vault XP
 B = Vault XP
 C = Vault XP percentage of total XP
 D = Non-vault monster count
 E = Vault monster count
 F = Vault count percentage of total count
                 A         B        C        D         E       F
            +---------+---------+-------+---------+---------+-------
      Total |    1181 |     727 |  38.1 |     130 |      50 |  27.8
            +---------+---------+-------+---------+---------+-------
        D:1 |      60 |       0 |   0.0 |      33 |       0 |   0.0
        D:2 |      97 |      37 |  27.6 |      28 |       2 |   6.7
        D:3 |     130 |       0 |   0.0 |      30 |       0 |   0.0
        D:4 |     191 |      24 |  11.2 |      19 |       9 |  32.1
        D:5 |     703 |     132 |  15.8 |      20 |       2 |   9.1
    Ossuary |       0 |     534 | 100.0 |       0 |      37 | 100.0
            +---------+---------+-------+---------+---------+-------
